 Dungeon Crawl Stone Soup version 0.16-a0-2939-g3ffa1c3 (webtiles) character file.

63 RobertPalmer the Charlatan (level 3, 0/28 HPs)
             Began as a Draconian Artificer on Dec 3, 2014.
             Slain by a worm (11 damage)
             ... on level 3 of the Dungeon.
             The game lasted 00:04:02 (1761 turns).

RobertPalmer the Charlatan (Draconian Artificer)    Turns: 1761, Time: 00:04:03

Health: 0/28       AC:  5    Str: 13    XL:     3   Next: 89%
Magic:  5/5        EV: 12    Int: 12    God:
Gold:   150        SH:  0    Dex: 12    Spells: 0 memorised, 2 levels left

rFire  . . .     SeeInvis .     a - +1 short sword (speed)
rCold  . . .     Clarity  .     (armour unavailable)
rNeg   . . .     SustAb   +     (no shield)
rPois  .         Gourm    .     (helmet restricted)
rElec  .         Spirit   .     (no cloak)
rCorr  .         Warding  .     (no gloves)
rMut   .         Stasis   .     (no boots)
MR     .....                    (no amulet)
Stlth  +.........               (no ring)
                                p - ring of sustain abilities

@: not resistant to hostile enchantments, very unstealthy
A: unfitting armour, hooves 1, cold-blooded, AC +5
a: no special abilities


You were on level 3 of the Dungeon.
You were hungry.

You visited 1 branch of the dungeon, and saw 3 of its levels.

You collected 150 gold pieces.


Innate Abilities, Weirdness & Mutations

Your plain brown scales are hard (AC +5).
Your body does not fit into most forms of armour.
Your cold-blooded metabolism reacts poorly to cold.
You have large cloven feet.


   Skills:
 - Level 1.1 Fighting
 - Level 1.0 Short Blades
 - Level 1.7 Dodging
 - Level 0.8 Stealth
 + Level 5.1 Evocations


You had 2 spell levels left.
You didn't know any spells.

Inventory:

Hand weapons
 a - a +1 short sword of speed (weapon)
Missiles
 k - a throwing net (quivered)
Armour
 j - a +0 pair of gloves
Jewellery
 p - a ring of sustain abilities (left hand)
Magical devices
 b - a wand of flame (15)
 c - a wand of enslavement (13)
 d - a wand of random effects (15)
Scrolls
 e - a scroll of teleportation {unknown}
 h - a scroll of amnesia
 l - a scroll of identify
 m - a scroll of remove curse {unknown}
 n - a scroll of enchant armour {unknown}
 q - a scroll of immolation {unknown}
Potions
 g - a potion of agility
 i - a potion of curing {unknown}
 o - a potion of flight {unknown}
Comestibles
 f - 3 bread rations
 r - a slice of pizza

Dungeon Overview and Level Annotations

Branches:
Dungeon (3/15)

Altars:

...........####.........##
#..........# ######.)...##
.......£...# #.#....#
..........# #.#....#
......[..# #......##
........#########.......####
.........................
.....##......##.....#####
.........wd...##...##
.........g....######
....##.....### ... ##...## .
#####


You could see a worm and a hobgoblin.


Message History

You now have 150 gold pieces (gained 4).
A worm comes into view.
A hobgoblin comes into view. It is wielding a club.
The hobgoblin shouts!
The worm bites you.
You hit the worm. You kick the worm, but do no damage.
The worm is lightly wounded.
You hit the worm but do no damage. You kick the worm, but do no damage.
The worm is lightly wounded.
The worm barely misses you.
You hit the worm.
The worm is moderately wounded.
You puncture the worm! You kick the worm, but do no damage.
The worm is heavily wounded.
You hit the worm but do no damage.
The worm is heavily wounded.
You hit the worm.
The worm is heavily wounded.
The worm bites you!
* * * LOW HITPOINT WARNING * * *
You hit the worm.
The worm is heavily wounded.
You hit the worm.
The worm is heavily wounded.
The hobgoblin hits you with a club.
* * * LOW HITPOINT WARNING * * *
You barely miss the worm.
The worm is heavily wounded.
The worm bites you!
You die...

Action                   || total
-------------------------++-------
Melee: Short sword       ||   204
Throw: Throwing net      ||     1
Evoke: Wand              ||     2
  Use: Scroll            ||     3
       Potion            ||     2
  Eat: Chunk             ||     2

Vault maps used:
D:1:      dpeg_arrival_arbitrary_c
D:2:      first_bread, min_item_tele_traps

Notes
Turn   | Place    | Note
--------------------------------------------------------------
     0 | D:1      | RobertPalmer, the Draconian Artificer, began the quest for the Orb.
     0 | D:1      | Reached XP level 1. HP: 16/16 MP: 1/1
   265 | D:1      | Reached XP level 2. HP: 18/23 MP: 3/3
   307 | D:1      | HP: 2/23 [giant cockroach (2)]
   316 | D:1      | HP: 1/23 [giant cockroach (2)]
   322 | D:1      | Gained mutation: You have large cloven feet. [potion of beneficial mutation]
   720 | D:1      | Reached skill level 4 in Evocations
  1045 | D:2      | Reached XP level 3. HP: 19/28 MP: 5/5
  1379 | D:2      | Reached skill level 5 in Evocations
  1761 | D:3      | Slain by a worm

Vanquished Creatures
  2 adders (D:2)
  A worm (D:2)
  2 giant geckos (D:1)
  An ooze (D:2)
  11 bats
  2 giant cockroaches
  4 goblins
  5 hobgoblins
  2 giant newts
  5 kobolds
  5 rats
40 creatures vanquished.

Vanquished Creatures (collateral kills)
  A giant cockroach (D:1)
  A kobold (D:1)
  A rat (D:1)
3 creatures vanquished.

Grand Total: 43 creatures vanquished
